 Dungeon Crawl Stone Soup version 0.23-a0-269-g65e0026 (webtiles) character file.

1150 RoseArtemis the Stinger (level 8, -6/63 (67) HPs)
             Began as a Yellow Draconian Venom Mage on Sept 30, 2018.
             Was a Follower of Sif Muna.
             Mangled by a wight
             ... wielding a cursed +0 great sword
              (7 damage)
             ... on level 7 of the Dungeon.
             The game lasted 00:36:04 (8280 turns).

RoseArtemis the Stinger (DrVM)                      Turns: 8280, Time: 00:36:05

HP:   -6/63 (67)    AC:  7    Str: 12    XL:     8   Next: 15%
MP:   6/11          EV: 10    Int: 17    God:    Sif Muna [*.....]
Gold: 374           SH:  5    Dex: 11    Spells: 0/11 levels left

rFire    . . .     SeeInvis .   b - +0 dagger (venom)
rCold    . . .     Gourm    .   x - +2 buckler
rNeg     . . .     Faith    .   (armour unavailable)
rPois    +         Spirit   .   (helmet restricted)
rElec    .         Reflect  .   (no cloak)
rCorr    +         Harm     .   i - +0 pair of gloves
MR       .....                  (no boots)
Stlth    ++........             (no amulet)
HPRegen  0.20/turn              g - ring of poison resistance
MPRegen  0.12/turn              (no ring)

@: very slightly contaminated, slowed, heavily drained, very slow
A: spit acid, acid resistance, unfitting armour, cold-blooded, AC +6
a: Breathe Acid, Divine Energy, Renounce Religion


You were on level 7 of the Dungeon.
You worshipped Sif Muna.
Sif Muna was aware of your devotion.
You were not hungry.

You visited 2 branches of the dungeon, and saw 8 of its levels.

You collected 374 gold pieces.

Inventory:

Hand Weapons
 a - a +0 blowgun
 b - a +0 dagger of venom (weapon)
 y - the +10 hand axe of Conscience {protect, *Slow Dex+10, unknown}
   (You found it on level 6 of the Dungeon)

   It protects the one who uses it against injury (+AC on strike).
   It affects your dexterity (+10).
   It may slow you when you take damage.
Missiles
 d - 55 poisoned needles
 p - 2 throwing nets (quivered)
Armour
 i - a +0 pair of gloves (worn)
 x - a +2 buckler (worn)
Magical Staves
 z - an uncursed staff of cold
Jewellery
 g - a ring of poison resistance (left hand)
 B - a cursed ring of teleportation {unknown}
Wands
 A - a wand of random effects (24)
Scrolls
 h - a scroll of immolation
 j - 3 scrolls of teleportation {unknown}
 o - 2 scrolls of remove curse
 r - 2 scrolls of amnesia {unknown}
 w - a scroll of enchant armour {unknown}
 C - a scroll of noise {unknown}
 D - a scroll of enchant weapon {unknown}
Potions
 c - 4 potions of mutation
 e - a potion of haste {unknown}
 f - a potion of ambrosia {unknown}
 k - a potion of flight {unknown}
 l - a potion of lignification {unknown}
 n - 4 potions of degeneration {unknown}
 q - 2 potions of berserk rage {unknown}
 s - 2 potions of curing {unknown}
 t - a potion of agility {unknown}
 u - 2 potions of heal wounds
 v - 2 potions of brilliance {unknown}
Comestibles
 m - 5 rations


   Skills:
 + Level 4.6(3.4) Fighting
 - Level 1.7(0.6) Dodging
 - Level 4.1(2.9) Stealth
 + Level 2.0(0.8) Spellcasting
 * Level 4.4(3.2) Conjurations
 + Level 0.0 Air Magic
 - Level 7.0(5.7) Poison Magic


You couldn't memorise any spells.
You knew the following spells:

 Your Spells              Type           Power        Failure   Level  Hunger
a - Sting                 Conj/Pois      ###.         6%          1    ##.....
b - Poisonous Vapours     Pois/Air       ##....       17%         2    ###....
c - Olgreb's Toxic Radia  Pois           ###.....     34%         4    #####..
d - Mephitic Cloud        Conj/Pois/Air  ##......     32%         3    ####...
e - Shock                 Conj/Air       #...         19%         1    ##.....

Your spell library contained the following spells:

 Spells                   Type           Power        Failure   Level  Hunger
 Searing Ray              Conj           ##....       14%         2    ###....
 Swiftness                Chrm/Air       #.......     50%         2    ###....
 Static Discharge         Conj/Air       #.......     50%         3    ####...
 Venom Bolt               Conj/Pois      ###.......   85%         5    ######.
 Airstrike                Air            #.........   98%         4    #####..
 Lightning Bolt           Conj/Air       #.........   99%         5    ######.
 Bolt of Fire             Conj/Fire      #.........   100%        6    #######
 Freezing Cloud           Conj/Ice/Air   #.........   100%        6    #######


Dungeon Overview and Level Annotations

Branches:
Dungeon (7/15)             Temple (1/1) D:5

Altars:
Ashenzari
Cheibriados
Elyvilon
Fedhas
Gozag
Hepliaklqana
Kikubaaqudgha
Makhleb
Nemelex Xobeh
Okawaru
Ru
Sif Muna
Uskayaw
Vehumet
Wu Jian
Xom
Yredelemnul
Zin
The Shining One

Annotations:
D:2 exclusion: downstairs
D:3 exclusion: downstairs
D:4 Edmund; Tovarisch's ghost, amateur FoAK


Innate Abilities, Weirdness & Mutations

You can spit globs of acid.
You are resistant to acid.
Your golden yellow scales are hard. (AC +6)
You cannot fit into any form of body armour.
You are cold-blooded and may be slowed by cold attacks.


Message History

The zap hits the wight.
The wight appears unharmed.
The wight is severely damaged.
The wight hits you with a great sword!
* * * LOW HITPOINT WARNING * * *
The wight hits you from afar with a spear of freezing.
* * * LOW HITPOINT WARNING * * *
The wight freezes you.
* * * LOW HITPOINT WARNING * * *
You found a teleport trap!
The wight barely misses you.
The wight hits you from afar with a spear of freezing.
* * * LOW HITPOINT WARNING * * *
You feel drained.
You feel yourself slow down. The wight freezes you.
* * * LOW HITPOINT WARNING * * *
The wight hits you from afar with a spear of freezing.
* * * LOW HITPOINT WARNING * * *
The wight freezes you.
* * * LOW HITPOINT WARNING * * *
The wight hits you with a great sword!
You die...

+....#.............#
.#
#....#.............# .
#....'.............#
..
#######.............#
..
.............^......#
...
....................#
............z.......#
...........z.........#
...........@..######.#
######.......# ..ยง
#.......# .. #.......#
#.......# #.......#
#.......# #.......#
#.......#


You could see 2 wights.

Vanquished Creatures
  Sigmund (D:2)
  2 sky beasts
  2 ogres
  A necrophage (D:7)
  A big kobold (D:5)
  A bullfrog (D:3)
  A crimson imp (D:5)
  A jelly (D:6)
  2 orc priests
  Jessica (D:2)
  3 orc wizards (D:4)
  Terence (D:2)
  A worker ant (D:5)
  A worker ant zombie (D:5)
  3 gnolls
  3 adders
  A shadow imp (D:5)
  An adder skeleton (D:4)
  A worm (D:3)
  3 dart slugs
  4 leopard geckos
  7 orcs
  2 ball pythons (D:3)
  5 giant cockroaches
  A goblin (D:1)
  5 hobgoblins
  6 jackals
  3 quokkas
  7 bats
  4 frilled lizards
  A giant cockroach zombie (D:5)
  9 kobolds
  A leopard gecko skeleton (D:5)
  A quokka skeleton (D:4)
  12 rats
99 creatures vanquished.

Vanquished Creatures (others)
  3 plants (D:5)
3 creatures vanquished.

Grand Total: 102 creatures vanquished

Notes
Turn   | Place    | Note
-------+----------+-------------------------------------------
     0 | D:1      | RoseArtemis the Draconian Venom Mage began the quest for
                  | the Orb.
     0 | D:1      | Reached XP level 1. HP: 14/14 MP: 3/3
   301 | D:1      | Reached XP level 2. HP: 18/22 MP: 0/5
   463 | D:1      | Learned a level 2 spell: Poisonous Vapours
   993 | D:2      | Reached skill level 1 in Fighting
  1060 | D:2      | Reached XP level 3. HP: 23/28 MP: 3/6
  1173 | D:2      | Noticed Terence
  1184 | D:2      | Killed Terence
  1302 | D:2      | Noticed Jessica
  1306 | D:2      | Killed Jessica
  1306 | D:2      | Reached skill level 4 in Poison Magic
  1306 | D:2      | Reached XP level 4. HP: 36/36 MP: 3/7
  1424 | D:2      | Noticed Sigmund
  1458 | D:2      | Killed Sigmund
  1458 | D:2      | Reached XP level 5. HP: 25/42 MP: 2/8
  1623 | D:2      | Noticed a sky beast
  1629 | D:2      | Killed a sky beast
  1629 | D:2      | Reached skill level 5 in Poison Magic
  1629 | D:2      | Reached XP level 6. HP: 50/50 MP: 3/9
  2888 | D:3      | Your scales start taking on a golden yellow colour.
  2888 | D:3      | Reached XP level 7. HP: 57/57 MP: 2/10
  2993 | D:3      | Found a deep blue altar of Sif Muna.
  3012 | D:3      | Became a worshipper of Sif Muna the Loreminder
  3019 | D:3      | Learned a level 4 spell: Olgreb's Toxic Radiance
  3288 | D:3      | Found a runed door.
  3293 | D:3      | Noticed Tovarisch's ghost (amateur FoAK)
  3362 | D:3      | Found a sparkling altar of Nemelex Xobeh.
  4065 | D:4      | Found a sacrificial altar of Ru.
  4492 | D:4      | Learned a level 3 spell: Mephitic Cloud
  4740 | D:4      | Found an iron altar of Okawaru.
  4746 | D:4      | Noticed Edmund
  4809 | D:3      | Reached skill level 6 in Poison Magic
  5183 | D:5      | Entered Level 5 of the Dungeon
  5496 | D:5      | Reached * piety under Sif Muna
  5897 | D:5      | Found a shattered altar of Ashenzari.
  5950 | D:5      | Reached XP level 8. HP: 67/67 MP: 4/11
  6050 | D:5      | Found a snail-covered altar of Cheibriados.
  6276 | D:5      | Found a staircase to the Ecumenical Temple.
  6286 | Temple   | Entered the Ecumenical Temple
  7373 | D:6      | Found a blossoming altar of Fedhas.
  7493 | D:6      | Got a shimmering hand axe
  7918 | D:7      | Identified Icejoemo's Handbook of Confrontation and the
                  | Birds
  7955 | D:7      | Reached skill level 7 in Poison Magic
  8204 | D:7      | Learned a level 1 spell: Shock
  8280 | D:7      | HP: 3/63 [wight/spear of freezing (4)]
  8280 | D:7      | HP: 1/63 [wight/spear of freezing (2)]
  8280 | D:7      | Mangled by a wight

Vault maps used:
D:1:      tarquinn_simple_flora_water_f
D:2:      uniq_sigmund, uniq_jessica, uniq_terence
D:3:      lemuel_coloured_pillars_altar, old_standard_altar,
          ebering_ghost_reflecting_pool
D:4:      old_standard_altar, okawaru_gym_becter, minmay_misc_feat_four_crosses,
          minmay_misc_feat_encased, uniq_edmund
D:5:      kennysheep_mini, minmay_temple_entry_purple_smoke, first_ration,
          basic_altar, lexackson_kobold_supper
D:6:      lemuel_doored_altar
D:7:      grunt_qazlal_clouds, kennysheep_mini_moat, uniq_harold
Temple:   nicolae_temple_figure_eight

Skill      XL: |  1  2  3  4  5  6  7  8 |
---------------+-------------------------+-----
Stealth        | 2 3 4 |  4.1
Fighting       | 1 2 3 4 |  4.6
Conjurations   | 2 3 4 |  4.4
Poison Magic   | 4 5 6 7 |  7.0
Dodging        | |  1.7
Spellcasting   | |  2.0

Action                   |  1- 3 |  4- 6 |  7- 9 || total
-------------------------+-------+-------+-------++-------
Melee: Unarmed           |     9 |       |       ||     9
       Dagger            |     7 |    19 |   167 ||   193
       Tailslap          |     3 |     3 |    19 ||    25
 Fire: Blowgun           |       |       |    19 ||    19
 Cast: Sting             |    45 |    63 |    73 ||   181
       Poisonous Vapours |     3 |    12 |     4 ||    19
       Mephitic Cloud    |       |       |     4 ||     4
       Olgreb's Toxic Ra |       |       |     2 ||     2
       Shock             |       |       |     7 ||     7
 Abil: Breathe Acid      |       |       |     4 ||     4
  Use: Scroll            |       |     4 |     6 ||    10
       Potion            |       |       |     1 ||     1
 Stab: Sleeping          |       |       |     1 ||     1
  Eat: Chunk             |     2 |     7 |     8 ||    17
       Ration            |       |       |     4 ||     4
Armor: Skin              |    11 |    10 |    45 ||    66
Dodge: Dodged            |    19 |    29 |   105 ||   153
Block: Buckler           |       |       |    10 ||    10

Table legend:
 A = Non-vault XP
 B = Vault XP
 C = Vault XP percentage of total XP
 D = Non-vault monster count
 E = Vault monster count
 F = Vault count percentage of total count
                 A         B        C        D         E       F
            +---------+---------+-------+---------+---------+-------
      Total |    1257 |     387 |  23.5 |      88 |      11 |  11.1
            +---------+---------+-------+---------+---------+-------
        D:1 |      28 |       0 |   0.0 |      14 |       0 |   0.0
        D:2 |     236 |     285 |  54.7 |      22 |       3 |  12.0
        D:3 |     203 |       0 |   0.0 |      25 |       0 |   0.0
        D:4 |     253 |       0 |   0.0 |      12 |       0 |   0.0
        D:5 |     375 |     102 |  21.4 |      13 |       8 |  38.1
        D:6 |      43 |       0 |   0.0 |       1 |       0 |   0.0
        D:7 |     119 |       0 |   0.0 |       1 |       0 |   0.0
            +---------+---------+-------+---------+---------+-------
